 Dungeon Crawl Stone Soup version 0.20-a0-1062-g7b787ac (webtiles) character file.

14 Alarkh the Charmwright (level 2, 19/22 HPs)
             Began as a Demonspawn Skald on Apr 27, 2017.
             Got out of the dungeon alive.
             The game lasted 00:00:48 (709 turns).

Alarkh the Charmwright (Demonspawn Skald)            Turns: 709, Time: 00:00:49

Health: 19/22      AC:  6    Str: 11    XL:     2   Next: 31%
Magic:  2/5        EV: 12    Int: 14    God:
Gold:   56         SH:  0    Dex: 12    Spells: 4/5 levels left

rFire    . . .     SeeInvis .     - Unarmed
rCold    . . .     Gourm    .   (no shield)
rNeg     . . .     Faith    .   a - +0 leather armour
rPois    .         Spirit   .   i - +0 helmet
rElec    .         Reflect  .   (no cloak)
rCorr    .         Harm     .   (no gloves)
MR       .....                  (no boots)
Stlth    +.........             (no amulet)
Regen    0.1/turn               j - ring of flight
MPRegen  0.1/turn               (no ring)

@: infused (expiring)
A: thin metallic scales 1
a: Evoke Flight


You escaped.
You were not hungry.

You visited 1 branch of the dungeon, and saw 1 of its levels.

You collected 56 gold pieces.

Inventory:

Armour
 a - a +0 leather armour (worn)
 i - a +0 helmet (worn)
Jewellery
 j - a ring of flight (left hand)
Scrolls
 e - a scroll of identify
 g - 2 scrolls of teleportation {unknown}
 h - a scroll of enchant armour {unknown}
Potions
 d - a potion of heal wounds
 f - a potion of berserk rage
Books
 b - a book of Battle

   Spells                             Type                      Level
   a - Infusion                       Charms                       1
   b - Shroud of Golubria             Charms/Translocation         2
   c - Song of Slaying                Charms                       2
   d - Spectral Weapon                Hexes/Charms                 3
   e - Regeneration                   Charms/Necromancy            3
Comestibles
 c - a bread ration
 k - a chunk of flesh


   Skills:
 + Level 2.2 Fighting
 - Level 0.8 Armour
 + Level 2.0 Dodging
 * Level 2.3 Unarmed Combat
 - Level 2.0 Spellcasting
 - Level 2.6 Charms


You had 4 spell levels left.
You knew the following spells:

 Your Spells              Type           Power        Failure   Level  Hunger
a - Infusion              Chrm           #...         11%         1    ##.....


Dungeon Overview and Level Annotations

Branches:
Dungeon (1/15)

Altars:


Innate Abilities, Weirdness & Mutations

You are partially covered in thin metallic scales. (AC +2)


Message History

You kill the ooze!
Your Dodging skill increases to level 2!
No target in view!
No target in view!
No target in view!
No target in view!
No target in view!
No target in view!
No target in view!
No target in view!
No target in view!
No target in view!
No target in view!
No target in view!
(D) Dungeon
Where to? (Enter - D:1 @ (x,y), ? - help)
Your magical infusion is running out.
There is a staircase leading out of the dungeon here.
Are you sure you want to leave the Dungeon?
This will make you lose the game!
You have escaped!

#.##....# #..# #..# '.).....#
##)## ##.#
#.#############..############.#
#.##.§........................#
#.#..§≈≈≈≈.≈≈≈≈§.≈≈≈≈§.≈≈≈≈≈..##.
#....§§§≈...≈≈≈...≈≈≈.§.§≈§.....
#...§.§§§....≈.....§..§..§....#
#.......≈≈≈≈≈.......≈≈≈§≈.....###
#........≈§≈....@....≈≈≈.........
....#.....≈.§§........≈.....#
#..###.....≈§§≈§.§≈≈≈≈.....##
#..# ##.....§≈≈...≈≈≈.....###+###
...#####.....≈....§§§....#......#
..............§§§≈≈§....##...>..#
..####...#....§≈≈≈.....###......#
..####...##...§§≈§....## #......#
.........###.........## #..^...#


There were no monsters in sight!

Vanquished Creatures
  An ooze (D:1)
  A giant cockroach (D:1)
  4 hobgoblins (D:1)
  2 bats (D:1)
  2 rats (D:1)
10 creatures vanquished.

Notes
Turn   | Place    | Note
-------+----------+-------------------------------------------
     0 | D:1      | Alarkh the Demonspawn Skald began the quest for the Orb.
     0 | D:1      | Reached XP level 1. HP: 16/16 MP: 3/3
   613 | D:1      | Gained mutation: You are partially covered in thin metallic scales. (AC +2) [demonic ancestry]
   613 | D:1      | Reached XP level 2. HP: 22/22 MP: 0/5
   709 | D:$      | Got out of the dungeon alive.

Vault maps used:
D:1:      onia_arrival_pyramid, grunt_decor_arrowhead, grunt_decor_resistance,
          serial_bayou_pond_c

Skill      XL: |  1  2 |
---------------+-------+-----
Unarmed Combat | 2 |  2.3
Dodging        | 2 |  2.0
Fighting       | |  2.2
Armour         | |  0.8
Spellcasting   | |  2.0
Charms         | |  2.6

Action                   || total
-------------------------++-------
Melee: Unarmed           ||    31
       Punch             ||     1
 Cast: Infusion          ||     8
  Use: Scroll            ||     2
Armor: Leather armour    ||     5
Dodge: Dodged            ||    19
